 Dungeon Crawl Stone Soup version 0.28.0-53-g5a82cb258f (webtiles) character file.

Game seed: 8417849421760092242

39 nshep25 the Chopper (level 3, -2/27 HPs)
             Began as a Demonspawn Gladiator on July 18, 2022.
             Was a Follower of Trog.
             Slain by a worm (5 damage)
             ... on level 2 of the Dungeon.
             The game lasted 00:04:03 (917 turns).

nshep25 the Chopper (Demonspawn Gladiator)           Turns: 917, Time: 00:04:04

Health: -2/27      AC:  4    Str: 16    XL:     3   Next: 28%
Magic:  3/3        EV: 12    Int:  9    God:    Trog [*.....]
Gold:   66         SH:  0    Dex: 14    Spells: 2/2 levels left

rFire   . . .      SeeInvis .   a - +0 war axe
rCold   . . .      Faith    +   (no shield)
rNeg    . . .      Spirit   .   b - +0 leather armour
rPois   .          Reflect  .   c - +0 helmet
rElec   .          Harm     .   (no cloak)
rCorr   .          Rampage  .   (no gloves)
Will    .....                   (no boots)
Stlth   +.........              k - amulet of faith
HPRegen 0.09/turn               (no ring)
MPRegen 0.08/turn               (no ring)

@: no status effects
A: demonic magic 1
a: Renounce Religion, Berserk


You were on level 2 of the Dungeon.
You worshipped Trog.
Trog was aware of your devotion.
You visited 1 branch of the dungeon, and saw 2 of its levels.

You collected 66 gold pieces.

Inventory:

Hand Weapons
 a - a +0 war axe (weapon)
 e - a +2 antimagic dagger
 i - a +0 whip of flaming
Missiles
 d - 3 throwing nets (quivered)
Armour
 b - a +0 leather armour (worn)
 c - a +0 helmet (worn)
Jewellery
 k - an amulet of faith (around neck)
Scrolls
 h - a scroll of fear {unknown}
 j - a scroll of amnesia {unknown}
 m - a scroll of brand weapon {unknown}
Potions
 f - a potion of attraction {unknown}
 g - a potion of might {unknown}
 l - a potion of heal wounds {unknown}


   Skills:
 + Level 2.3 Fighting
 + Level 3.4 Axes
 + Level 1.8 Throwing
 + Level 0.2 Armour
 + Level 3.1 Dodging


You had 2 spell levels left.
You didn't know any spells.
Your spell library was empty.

Dungeon Overview and Level Annotations

Branches:
Dungeon (2/15)

Altars:
Trog

Shops:
D:2 !


Innate Abilities, Weirdness & Mutations

Spells you cast may paralyse adjacent enemies.


Message History

The jackal bites you.
You barely miss the jackal.
The jackal is lightly wounded.
The jackal barely misses you. x2
You closely miss the jackal.
The jackal is lightly wounded.
The jackal bites you but does no damage. x2
You barely miss the jackal. You punch the jackal.
The jackal is moderately wounded.
The jackal completely misses you. The jackal bites you.
You slash the jackal!
You kill the jackal!
Trog accepts your kill.
m - a scroll labelled LESENK DONOROB A frilled lizard comes into view.
The helpless frilled lizard fails to defend itself.
You slash the frilled lizard!
You kill the frilled lizard!
Trog accepts your kill.
You see here a frilled lizard corpse.
A worm comes into view.
Found a copper wand.
You barely miss the worm. You barely miss the worm. The worm bites you.
You slash the worm!
The worm is severely wounded.
The worm bites you.
You hit the worm.
The worm is severely wounded.
The worm bites you!
You hit the worm but do no damage.
The worm is severely wounded.
The worm bites you!
* * * LOW HITPOINT WARNING * * *
You barely miss the worm.
The worm is severely wounded.
You barely miss the worm.
The worm is severely wounded.
The worm bites you.
You die...

#.# .#.# # #.#.# #
#.#/# # #.#.# #
#.#.# # #####.#w#
# ###.....#@# #
#.......#.# #
##.##.##.#.# #
#..#.#.#†..# #
#..#...#...#
#######..#...#...#
...##....##.##...#
##.##......#....##
#.##...........#


You could see a worm.

Vanquished Creatures
  An adder (D:2)
  A dart slug (D:2)
  2 bats (D:2)
  An endoplasm (D:2)
  A giant cockroach (D:2)
  5 goblins
  2 hobgoblins
  A jackal (D:2)
  A quokka (D:1)
  2 ball pythons
  3 frilled lizards
  5 kobolds (D:1)
  2 rats
27 creatures vanquished.

Notes
Turn   | Place    | Note
-------+----------+-------------------------------------------
     0 | D:1      | nshep25 the Demonspawn Gladiator began the quest for the
                  | Orb.
     0 | D:1      | Reached XP level 1. HP: 16/16 MP: 1/1
   272 | D:1      | Found a faded altar of an unknown god.
   276 | D:1      | Prayed at the altar of an unknown god.
   276 | D:1      | Became a worshipper of Trog the Wrathful
   276 | D:1      | Reached * piety under Trog
   481 | D:1      | Gained mutation: Spells you cast may paralyse adjacent
                  | enemies. [demonic ancestry]
   481 | D:1      | Reached XP level 2. HP: 22/22 MP: 2/2
   654 | D:1      | You fall into a shaft and drop 1 floor!
   684 | D:2      | Reached XP level 3. HP: 20/27 MP: 3/3
   799 | D:2      | Found Saninn Icki's Distillery.
   917 | D:2      | Slain by a worm

Illustrated notes

Levels and vault maps discovered:
D:1:      elethiomel_arrival_shortcut, layout_basic,
          hellmonk_ecumenical_altar_heavens_door
D:2:      layout_rooms, serial_shops, shop, serial_aquarium,
          aquarium_bridge_straight [aquarium_subvault_bridge,
          aquarium_subvault_wall, aquarium_subvault_bridge,
          aquarium_subvault_wall], aquarium_bridge_square
          [aquarium_subvault_window, aquarium_subvault_window,
          aquarium_subvault_bridge, aquarium_subvault_bridge],
          aquarium_window_2, aquarium_window_3, aquarium_window_1,
          aquarium_view_2c, aquarium_balcony_1b, minmay_distorted

Skill      XL: |  1  2 |
---------------+-------+-----
Dodging        | 3 |  3.1
Axes           | 3 |  3.4
Fighting       | |  2.3
Throwing       | |  1.8
Armour         | |  0.2

Action                   || total
-------------------------++-------
Melee: War axe           ||    72
       Punch             ||     1
 Stab: Sleeping          ||     1
Armor: Leather armour    ||    27
Dodge: Dodged            ||    54
